Map: Submarine LE

Players

Ace - Winner!

  • Race: Protoss Protoss
  • League: Master
  • Spawn Location: 11:00

Osiris

  • Race: Terran Terran
  • League: Diamond
  • Spawn Location: 5:00

VOD

Have the link to the VOD?

Description

Time

  • Played on: Dec. 24, 2020, 11:25 a.m.
  • Length: 12:38
Show
View Real Time Build Order
Export as new Build Order

Ace Protoss - Winner!

Build Orders: Blink Stalkers 

Get SALT Encoding   

  12  0:00  Probe  
  13  0:12  Probe  
  14  0:17  Pylon  
  14  0:24  Probe  
  15  0:35  Gateway  
  15  0:38  Probe (Chrono Boost)  
  16  0:47  Probe (Chrono Boost)  
  17  0:51  Assimilator  
  17  0:52  Probe (Chrono Boost)  
  18  1:04  Probe  
  19  1:26  Cybernetics Core  
  19  1:28  Probe  
  20  1:34  Pylon  
  20  1:48  Nexus  
  20  1:52  Probe  
  21  1:58  Pylon  
  21  2:02  Stalker  
  21  2:05  Warp Gate  
  23  2:10  Probe  
  24  2:17  Assimilator  
  24  2:24  Probe  
  25  2:33  Sentry  
  27  2:38  Probe  
  28  2:58  Gateway  
  28  3:02  Probe x2, Twilight Council  
  30  3:10  Stalker  
  32  3:14  Probe x2  
  32  3:46  Probe (Chrono Boost)  
  32  3:48  Probe (Chrono Boost)  
  32  3:51  Blink (Chrono Boost)  
  32  3:58  Probe (Chrono Boost)  
  32  4:02  Probe (Chrono Boost)  
  34  4:03  Probe (Chrono Boost)  
  35  4:10  Probe (Chrono Boost), Stalker x2  
  35  4:12  Probe (Chrono Boost)  
  35  4:13  Pylon  
  41  4:22  Probe (Chrono Boost)  
  43  4:24  Probe (Chrono Boost)  
  43  4:28  Probe (Chrono Boost)  
  43  4:29  Probe (Chrono Boost)  
  45  4:32  Pylon  
  45  4:33  Stalker  
  45  4:35  Stalker  
  45  4:36  Probe  
  50  4:56  Robotics Facility  
  50  4:59  Probe  
  51  5:00  Gateway  
  51  5:01  Gateway  
  51  5:03  Pylon  
  51  5:09  Probe  
  51  5:11  Probe, Assimilator  
  53  5:14  Pylon  
  53  5:15  Assimilator  
  53  5:18  Shield Battery  
  53  5:30  Stalker x2  
  57  5:38  Charge  
  57  5:49  Probe x2  
  59  6:01  Probe  
  59  6:02  Probe  
  61  6:07  Robotics Bay  
  61  6:08  Stalker x3  
  61  6:09  Stalker  
  69  6:15  Pylon  
  69  6:24  Gateway  
  69  6:26  Gateway  
  69  6:28  Pylon  
  69  6:29  Pylon, Immortal  
  73  6:35  Zealot  
  73  6:36  Zealot  
  73  6:39  Probe  
  78  6:41  Zealot  
  80  7:05  Colossus (Chrono Boost)  
  80  7:06  Zealot x3  
  80  7:07  Zealot  
  94  7:21  Zealot  
  96  7:29  Zealot x2  
  98  7:30  Zealot x3  
  98  7:34  Extended Thermal Lance  
  88  8:01  Zealot x3  
  88  8:02  Zealot x2  
  88  8:03  Probe (Chrono Boost), Nexus  
  100  8:05  Probe (Chrono Boost)  
  100  8:08  Pylon  
  100  8:21  Templar Archives  
  100  8:22  Forge  
  100  8:28  Assimilator  
  100  8:51  Zealot, Stalker x3  
  100  8:52  Zealot  
  100  8:54  Colossus  
  116  9:01  Stalker  
  118  9:06  Shield Battery  
  116  9:17  High Templar x3  
  116  9:19  High Templar  
  116  9:22  Shield Battery  
  116  9:23  Shield Battery  
  124  9:25  Archon  
  124  9:43  High Templar x2  
  124  9:44  Archon  
  128  10:03  Protoss Ground Weapons Level 1 (Chrono Boost)  
  128  10:07  Zealot x2  
  128  10:10  Probe  
  128  10:13  Pylon  
  133  10:15  Pylon  
  133  10:22  Probe  
  108  10:48  Probe x2  
  108  10:49  Zealot x5  
  120  10:50  Probe, Psionic Storm  
  120  10:53  Assimilator  
  121  10:59  High Templar  
  121  11:00  Probe x2  
  125  11:05  Nexus  
  125  11:06  Probe  
  125  11:07  Forge  
  125  11:08  Pylon  
  125  11:09  Warp Prism, Pylon  
  125  11:10  Pylon  
  128  11:29  Robotics Facility  
  128  11:34  Robotics Facility  
  126  11:44  Zealot x3  
  126  11:45  Stalker x2  
  126  11:46  Stalker  
  136  11:55  Probe  
  136  11:57  Probe x2  
  139  12:07  Probe  
  143  12:14  Shield Battery  
  143  12:16  Shield Battery  
  141  12:26  Zealot x2  
  141  12:27  Zealot x4, Shield Battery  
  133  12:30  Shield Battery  
Show
View Real Time Build Order
Export as new Build Order

Osiris Terran 

Build Orders: Reaper Expand 

Get SALT Encoding   

  12  0:00  SCV  
  13  0:12  SCV  
  14  0:17  Supply Depot  
  14  0:24  SCV  
  15  0:38  SCV  
  15  0:40  Barracks  
  16  0:43  Refinery  
  16  0:51  SCV  
  17  1:03  SCV  
  17  1:15  SCV  
  18  1:27  SCV  
  19  1:39  Reaper  
  20  1:45  Orbital Command  
  20  1:53  Command Center  
  20  2:00  Supply Depot  
  20  2:11  Marine  
  20  2:14  SCV  
  22  2:19  Factory  
  22  2:27  Bunker  
  23  2:30  SCV  
  23  2:31  Barracks Reactor  
  23  2:38  Refinery  
  23  2:42  SCV  
  24  2:55  SCV  
  25  3:05  Hellion, Starport  
  27  3:08  SCV  
  27  3:10  Orbital Command  
  28  3:13  Marine  
  28  3:17  Marine  
  30  3:20  SCV  
  31  3:32  SCV, Marine, Factory Tech Lab  
  33  3:40  SCV  
  34  3:45  SCV  
  35  3:51  Barracks  
  35  3:53  SCV, Marine  
  35  3:54  Marine  
  38  3:59  SCV  
  39  4:05  Supply Depot  
  39  4:07  Factory Tech Lab  
  38  4:10  SCV  
  38  4:13  Barracks  
  38  4:15  SCV  
  40  4:21  Marine x2  
  40  4:22  SCV  
  43  4:25  Raven  
  43  4:27  Siege Tank  
  43  4:29  Supply Depot  
  43  4:30  SCV  
  49  4:34  Engineering Bay  
  49  4:36  Refinery  
  49  4:37  SCV  
  50  4:40  Marine  
  50  4:41  Marine  
  52  4:45  SCV  
  52  4:49  Marine  
  52  4:50  SCV  
  55  4:54  Supply Depot  
  55  4:57  SCV  
  56  5:12  SCV x2  
  58  5:16  Combat Shield  
  58  5:17  Supply Depot, Stimpack  
  58  5:18  Factory Tech Lab  
  58  5:19  Marine x4  
  62  5:21  Starport Reactor  
  62  5:24  SCV x2  
  62  5:25  Refinery  
  64  5:36  SCV  
  64  5:46  Supply Depot x2  
  64  5:47  SCV  
  64  5:48  SCV  
  62  6:01  SCV x2  
  62  6:02  Marine  
  62  6:03  Marauder x2, Siege Tank, Marine, Medivac x2  
  77  6:05  Terran Infantry Weapons Level 1  
  77  6:12  Supply Depot  
  77  6:13  SCV  
  77  6:17  SCV  
  79  6:24  Marine x2  
  79  6:25  Marauder x2  
  85  6:29  Supply Depot  
  85  6:32  SCV  
  86  6:33  SCV  
  86  6:38  Supply Depot  
  87  6:41  Siege Tank, Medivac x2  
  94  6:56  Marauder, Marine x2  
  94  6:57  Marauder  
  94  7:00  Command Center  
  99  7:09  Barracks  
  99  7:10  Barracks  
  97  7:23  Marauder x2, Siege Tank, Marine x2  
  104  7:32  Medivac x2  
  79  7:52  Marauder, Marine x2  
  79  7:53  Marauder  
  82  7:59  Terran Infantry Armor Level 1  
  82  8:04  Bunker x2  
  82  8:10  Barracks Tech Lab x2  
  82  8:11  Siege Tank  
  85  8:16  Orbital Command  
  85  8:21  Marine  
  85  8:22  Marauder x2, Marine  
  91  8:30  Marauder x2  
  95  8:51  SCV  
  95  8:52  Supply Depot  
  95  8:54  Supply Depot  
  96  9:01  SCV x2  
  96  9:02  Marauder, Marine  
  104  9:03  Marauder x3, Marine  
  108  9:16  Siege Tank, Medivac x2  
  114  9:24  Marauder  
  116  9:28  Orbital Command, Marine  
  117  9:49  Concussive Shells, Ghost Academy  
  117  9:52  Supply Depot  
  117  9:53  Supply Depot  
  117  9:58  Bunker, Marine x2  
  117  9:59  Marauder x3  
  124  10:13  Marauder, Siege Tank  
  129  10:16  Supply Depot, Marine  
  129  10:20  Marauder x3  
  118  10:30  Marine  
  118  10:34  Marine  
  118  10:35  Marauder  
  106  10:38  Viking x2  
  106  10:41  SCV x3, Marauder  
  112  10:46  Supply Depot, Enhanced Shockwaves  
  108  10:52  Marauder x2, Marine  
  108  10:53  SCV x2  
  108  10:56  Marauder  
  117  10:59  Engineering Bay  
  117  11:04  Armory  
  117  11:06  Marauder, Marine, SCV  
  117  11:08  SCV  
  122  11:13  Viking  
  124  11:20  Marauder x2  
  124  11:21  Viking  
  124  11:23  Siege Tank  
  133  11:27  Sensor Tower  
  133  11:29  Orbital Command  
  130  11:43  Marauder, Marine  
  130  11:44  Marauder x3, Marine  
  140  11:48  Viking  
  142  12:03  SCV x2  
  142  12:06  Refinery  
  142  12:07  Bunker  
  142  12:08  Supply Depot  
Tags
 
Add a new tag
Caveats
  • Supply blocks, unpowered buildings, or Contaminate may cause inaccurate times.
  • Supply counts are checked every 10 seconds.